 Dungeon Crawl Stone Soup version 0.20-a0-830-g2c9a30d (webtiles) character file.

372 M4edhros the Slasher (level 6, -7/43 HPs)
             Began as an Octopode Fighter on Mar 7, 2017.
             Killed from afar by an orc wizard (9 damage)
             ... with a magic dart
             ... on level 4 of the Dungeon.
             The game lasted 00:02:02 (1390 turns).

M4edhros the Slasher (Octopode Fighter)             Turns: 1390, Time: 00:02:03

Health: -7/43      AC:  1    Str: 15    XL:     6   Next: 71%
Magic:  0/15       EV: 13    Int: 10    God:
Gold:   44         SH: 10    Dex: 14    Spells: 5/5 levels left

rFire    . . .     SeeInvis .   a - +0 long sword
rCold    . . .     Gourm    .   b - +1 shield
rNeg     . . .     Faith    .   (helmet restricted)
rPois    .         Spirit   +   k - amulet of guardian spirit
rElec    .         Reflect  .   h - ring of magical power
rCorr    .         Harm     .   (no ring)
MR       .....                  (no ring)
Stlth    ++........             (no ring)
Regen    0.2/turn               (no ring)
MPRegen  0.2/turn               (no ring)
                                (no ring)
                                (no ring)

@: no status effects
A: almost no armour, stealthy swim, amphibious, 8 rings, constrict 8, camouflage
1, gelatinous body 1
a: no special abilities


You were on level 4 of the Dungeon.
You were hungry.

You visited 1 branch of the dungeon, and saw 5 of its levels.

You collected 44 gold pieces.

Inventory:

Hand Weapons
 a - a +0 long sword (weapon)
Armour
 b - a +1 shield (worn)
Jewellery
 h - a ring of magical power (left tentacle)
 k - an amulet of guardian spirit (around mantle)
Scrolls
 g - 4 scrolls of identify
 i - a scroll of magic mapping
Comestibles
 d - 2 bread rations
 j - 2 meat rations


   Skills:
 + Level 4.2 Fighting
 * Level 4.5 Long Blades
 + Level 4.0 Dodging
 + Level 4.2 Shields


You had 5 spell levels left.
You didn't know any spells.

Dungeon Overview and Level Annotations

Branches:
Dungeon (5/15)
 Temple: D:4-7

Altars:
Vehumet

Annotations:
D:5 M4edhros's ghost, novice OpAr


Innate Abilities, Weirdness & Mutations

You cannot wear most types of armour.
You are very stealthy in the water. (Stealth+)
You are amphibious.
You can wear up to eight rings at the same time.
You can use your tentacles to constrict eight enemies at once.
Your skin changes colour to match your surroundings (Stealth+).
Your rubbery body absorbs attacks. (AC +1, EV +1)


Message History

The orc priest casts a cantrip, but nothing happens.
The orc priest looks satisfied for a moment.
You open the door.
The orc wizard casts a spell.
The orc wizard seems to speed up.
The hippogriff barely misses you. You block the hippogriff's attack.
The hippogriff claws you.
* * * LOW HITPOINT WARNING * * *
Unknown command.
The orc priest looks encouraged for a moment.
The orc priest looks braver for a moment.
There is an open door here.
Unknown command.
Unknown command.
The orc priest calls down the wrath of Beogh upon you.
Beogh smites you!
* * * LOW HITPOINT WARNING * * *
There is a stone staircase leading down here.
The orc wizard casts a spell at you. The magic dart hits you!
You die...

.##....# #............##..####...
.##....####.......###.##.....####
.##....................#.###.#
..)).......)....>......#.###.#
............##.........#.#...#
....[.......####.......#.#.###
............+..#Ho....##.#..###
..#.........#.##.#'##.........##
............#.##@#.............#
.................##............#
.........####...###............#
.........####...# #............#
.........##.....# #............#
.........#..#...# #............#
##########§.§...# #...#....#####
#...§§.# ###.####.# #..§...# #.#
#.######


You could see a hippogriff and an orc wizard.

Vanquished Creatures
  An ogre (D:3)
  2 orc priests (D:4)
  5 orc wizards
  2 adders
  A shadow imp (D:5)
  An ooze (D:4)
  A dart slug (D:4)
  A leopard gecko (D:4)
  18 orcs
  A goblin (D:3)
  3 hobgoblins
  3 kobolds (D:3)
  2 ball pythons
  2 bats
  2 frilled lizards
  3 rats
48 creatures vanquished.

Notes
Turn   | Place    | Note
-------+----------+-------------------------------------------
     0 | D:1      | M4edhros the Octopode Fighter began the quest for the Orb.
     0 | D:1      | Reached XP level 1. HP: 16/16 MP: 1/1
   304 | D:2      | Reached XP level 2. HP: 21/21 MP: 2/2
   467 | D:3      | Reached XP level 3. HP: 17/26 MP: 3/3
   478 | D:3      | Reached XP level 4. HP: 3/31 MP: 4/4
   771 | D:3      | Noticed an ogre
   796 | D:3      | Killed an ogre
   796 | D:3      | Reached XP level 5. HP: 12/37 MP: 5/5
   847 | D:4      | Reached XP level 6. HP: 20/43 MP: 6/6
   933 | D:4      | Found a radiant altar of Vehumet.
  1100 | D:4      | Noticed a hippogriff
  1117 | D:5      | Entered Level 5 of the Dungeon
  1135 | D:5      | Noticed M4edhros's ghost (novice OpAr)
  1385 | D:4      | HP: 1/43 [orc priest/divine providence (5)]
  1390 | D:4      | Killed from afar by an orc wizard

Vault maps used:
D:1:      dpeg_arrival_concentric_ovals
D:4:      fiery_altar_vehumet, serial_shops, shop_statue, corexii_shack,
          doesnt_xom_only_xom
D:5:      first_bread, serial_shops, shop, kennysheep_mini_moat,
          nicolae_shop_statue_plus, uniq_crazy_yiuf_cottage, uniq_duvessa

Skill      XL: |  1  2  3  4  5  6 |
---------------+-------------------+-----
Long Blades    | 3 4 |  4.5
Fighting       | 4 |  4.2
Shields        | 4 |  4.2
Dodging        | 4 |  4.0

Action                   |  1- 3 |  4- 6 || total
-------------------------+-------+-------++-------
Melee: Long sword        |    32 |    52 ||    84
       Constrict         |    11 |    16 ||    27
       Tentacles         |     4 |    15 ||    19
  Use: Potion            |       |     1 ||     1
       Scroll            |       |     3 ||     3
 Stab: Sleeping          |     4 |     2 ||     6
  Eat: Chunk             |       |     1 ||     1
Armor: Skin              |     2 |     1 ||     3
Dodge: Dodged            |    14 |    20 ||    34
Block: Shield            |    10 |    30 ||    40
       Rpst.: Long sword |     5 |     4 ||     9
